Map: Ulrena

Players

NeoKip - Winner!

  • Race: Terran Terran
  • League: Gold
  • Spawn Location: 7:00

zidar

  • Race: Zerg Zerg
  • League: Silver
  • Spawn Location: 11:00

VOD

Have the link to the VOD?

Description

Time

  • Played on: Jan. 10, 2016, 2:17 p.m.
  • Length: 20:21
Show
View Real Time Build Order
Export as new Build Order

NeoKip Terran - Winner!

Build Orders: Command Center First (CC) 

Get SALT Encoding   

  12  0:01  SCV  
  13  0:14  SCV  
  13  0:18  Supply Depot  
  14  0:28  SCV  
  15  0:55  Command Center  
  15  0:58  SCV  
  16  1:11  Barracks  
  16  1:14  SCV  
  17  1:25  Barracks  
  17  1:29  SCV  
  18  1:44  Barracks  
  18  1:46  SCV  
  19  2:03  Orbital Command  
  19  2:05  Marine  
  20  2:10  Orbital Command  
  20  2:13  Marine  
  21  2:25  Marine  
  21  2:29  SCV  
  23  2:31  Marine  
  23  2:32  Marine  
  25  2:39  Refinery  
  25  2:40  Refinery, SCV  
  26  2:53  Marine x2  
  26  2:54  Marine  
  26  2:55  SCV x2  
  31  3:07  SCV  
  31  3:09  SCV  
  31  3:11  Marine x2  
  31  3:12  Marine  
  36  3:14  Supply Depot  
  36  3:19  SCV  
  37  3:21  SCV  
  38  3:38  Factory  
  38  3:40  SCV x2  
  40  3:45  Marine  
  40  3:46  Marine x2  
  43  3:52  SCV  
  44  3:56  SCV  
  44  4:02  Refinery  
  45  4:04  SCV  
  45  4:05  Refinery  
  45  4:07  Barracks Reactor  
  46  4:16  Marine  
  41  4:19  SCV x2  
  41  4:20  Barracks Tech Lab  
  43  4:26  Factory Reactor  
  43  4:28  Starport  
  43  4:34  Marine  
  43  4:35  SCV x2  
  46  4:52  Supply Depot  
  46  4:53  Marine x3  
  46  4:57  Stimpack  
  48  5:13  Supply Depot  
  48  5:14  Barracks Tech Lab  
  48  5:20  SCV x2  
  50  5:23  Marine x2  
  50  5:24  Marine  
  53  5:32  SCV  
  53  5:34  Engineering Bay  
  54  5:36  Marauder, Engineering Bay  
  54  5:38  Medivac x2  
  54  5:42  Marauder  
  62  5:58  Marine x2  
  62  5:59  Marauder  
  62  6:01  Factory Tech Lab  
  62  6:03  Marauder, SCV x2  
  70  6:14  Command Center  
  70  6:23  Marine x3  
  70  6:24  Siege Tank  
  70  6:25  Medivac  
  78  6:32  Combat Shield  
  78  6:42  Supply Depot  
  78  6:55  SCV  
  78  7:03  Medivac  
  78  7:04  SCV, Supply Depot  
  78  7:07  SCV  
  80  7:16  SCV  
  81  7:49  SCV x2  
  81  7:50  Marine x3  
  81  7:51  Marine  
  87  8:01  SCV  
  88  8:08  Marine x4  
  88  8:09  SCV  
  89  8:13  SCV  
  87  8:21  SCV  
  87  8:23  Orbital Command  
  87  8:25  SCV  
  87  8:26  Marine x4  
  93  8:27  Refinery  
  93  8:33  SCV  
  94  8:37  SCV  
  95  8:44  Marine x4  
  95  8:45  SCV  
  100  8:49  SCV  
  101  8:57  Barracks, SCV  
  101  8:58  Barracks  
  101  9:00  Barracks  
  101  9:01  Marine  
  101  9:02  Marine x3, Barracks  
  105  9:19  Marine x3  
  105  9:20  SCV  
  109  9:38  SCV  
  109  10:08  Marine x3  
  109  10:20  Marine  
  109  10:21  Marine  
  109  10:22  Marine, SCV  
  109  10:23  Marine  
  109  10:35  SCV  
  109  10:48  Missile Turret  
  109  11:21  Supply Depot  
  109  11:22  Supply Depot  
  109  11:25  Liberator  
  109  11:27  Liberator, Supply Depot  
  109  11:38  Supply Depot  
  109  11:39  Supply Depot  
  109  11:40  Armory, Terran Infantry Armor Level 1, Terran Infantry Weapons Level 1  
  109  11:42  Marine x3, Supply Depot  
  109  11:43  Marine, SCV  
  109  11:44  Marine x2, SCV x2, Supply Depot  
  125  11:48  Marine  
  126  11:55  SCV  
  126  11:56  SCV  
  126  11:58  Barracks Tech Lab  
  126  12:00  Marine x3  
  130  12:01  Marine x3  
  130  12:06  Marine  
  130  12:07  SCV  
  130  12:08  Liberator, SCV  
  136  12:09  Liberator  
  136  12:12  Refinery  
  136  12:19  Marine x2, SCV  
  139  12:27  Command Center  
  145  12:31  SCV  
  145  12:33  Barracks Tech Lab, Command Center  
  146  12:38  Command Center  
  146  12:39  Marauder x3, Command Center  
  152  12:50  Barracks Tech Lab  
  152  12:54  Supply Depot  
  152  12:58  Supply Depot  
  152  13:00  Marauder x3  
  157  13:21  Marauder x2  
  157  13:22  Marauder  
  163  13:39  Marine x5  
  163  13:41  SCV  
  169  13:43  Marauder x3  
  173  13:53  SCV  
  169  13:57  Marine x4  
  169  13:59  Command Center  
  173  14:04  Marauder x3  
  173  14:05  SCV  
  180  14:17  SCV  
  180  14:23  Marine x4  
  185  14:24  Marauder  
  185  14:26  Marauder x3  
  185  14:29  SCV  
  184  14:41  SCV x2  
  184  14:42  Marauder  
  188  14:46  Marauder  
  188  14:47  Marauder x2  
  194  14:53  SCV x2  
  196  15:05  SCV  
  196  15:06  SCV  
  198  15:09  Marine x2  
  191  16:16  Terran Infantry Weapons Level 2, Terran Infantry Armor Level 2  
  191  16:18  Marine x4  
  164  16:19  Marauder x4  
  125  16:35  Marine  
  125  16:36  Marine x2, Marauder  
  122  16:40  Marauder x3  
  122  16:41  Marauder  
  128  16:58  Marauder  
  130  17:01  Marauder  
  130  17:02  Marauder x2  
  136  17:20  Marine x4  
  136  17:21  Marine  
  136  17:22  Marine  
  141  17:23  Marauder x2  
  146  17:39  Marauder  
  148  17:49  Marine x5  
  148  17:50  Marauder x2  
  157  17:51  SCV x4  
  157  17:52  SCV  
  162  18:00  Marauder  
  162  18:03  SCV x3  
  162  18:04  SCV x2  
  169  18:07  Marauder  
  169  18:08  Marauder  
  169  18:11  Marauder x2  
  177  18:15  Marine x3, SCV x3  
  177  18:16  SCV  
  177  18:17  SCV  
  185  18:22  Marauder  
  187  18:27  SCV x2  
  187  18:28  Marine x2, SCV  
  187  18:33  Marauder x2  
  180  18:43  Marauder  
  180  18:47  Marine x3, Marauder  
  180  18:48  Marine  
  174  18:54  Marauder x2  
  175  19:04  Marauder  
  175  19:05  Marine x3  
  175  19:06  Marauder  
  175  19:08  Marauder  
  184  19:15  Marauder, Liberator x2  
  184  19:16  Marauder  
  188  19:23  Marine x3  
  188  19:25  Marine  
  188  19:27  Marine  
  188  19:29  Marine  
  191  19:37  Marauder  
  199  19:40  Starport  
  199  19:41  Marine, Starport  
  200  19:47  Factory  
  200  19:48  Factory  
Show
View Real Time Build Order
Export as new Build Order

zidar Zerg 

Build Orders: Pool First 

Get SALT Encoding   

  12  0:02  Drone  
  13  0:12  Overlord  
  13  0:17  Drone  
  14  0:30  Drone x2  
  16  0:36  Drone  
  17  0:48  Spawning Pool  
  17  0:49  Drone  
  17  1:12  Hatchery  
  17  1:13  Drone  
  17  1:18  Extractor  
  16  1:26  Drone  
  17  1:35  Queen  
  17  1:37  Overlord  
  19  1:53  Drone x2  
  21  1:55  Drone  
  22  2:06  Zergling x2  
  23  2:37  Queen  
  23  2:40  Metabolic Boost  
  25  2:44  Zergling x2  
  25  2:45  Zergling x8  
  30  2:59  Overlord  
  30  3:00  Overlord  
  30  3:21  Roach Warren  
  30  3:25  Queen  
  31  3:31  Zergling x4  
  31  3:32  Zergling x8  
  25  4:32  Roach x5  
  25  4:33  Roach x4  
  43  5:03  Ravager  
  44  5:09  Overlord x2  
  44  5:10  Overlord  
  44  5:25  Lair  
  44  5:29  Extractor  
  44  5:32  Hatchery  
  42  5:39  Ravager  
  42  5:41  Ravager  
  44  6:18  Spore Crawler  
  44  6:20  Drone x15  
  58  6:30  Queen  
  54  7:29  Infestation Pit  
  53  7:39  Evolution Chamber, Drone x11  
  53  7:40  Drone x6  
  53  7:43  Evolution Chamber  
  68  7:47  Extractor  
  68  7:50  Extractor  
  62  8:19  Zerg Melee Weapons Level 1  
  62  8:20  Zerg Ground Armor Level 1  
  62  8:24  Drone  
  62  8:25  Queen, Drone x2  
  67  8:32  Queen  
  69  8:38  Extractor  
  68  8:43  Extractor  
  56  9:41  Queen  
  56  9:44  Roach  
  56  9:45  Roach x7  
  67  10:12  Drone  
  67  10:13  Drone x6  
  72  10:45  Roach  
  72  10:48  Overlord x2  
  72  10:49  Overlord x11  
  74  11:06  Queen  
  76  11:13  Ravager  
  77  11:25  Ravager x2  
  79  11:28  Zergling x2  
  79  11:29  Zergling x18  
  79  11:32  Roach x5  
  99  11:40  Zerg Melee Weapons Level 2  
  99  11:42  Zerg Ground Armor Level 2  
  99  11:44  Hive  
  99  11:50  Drone  
  100  11:57  Extractor  
  100  11:58  Extractor  
  98  12:20  Zergling x2  
  98  12:21  Zergling x12  
  98  12:22  Roach x7  
  119  12:30  Drone x2  
  119  12:31  Drone  
  107  14:10  Roach  
  107  14:11  Roach x4  
  107  14:12  Zergling x2  
  107  14:13  Zergling x12  
  107  14:14  Roach x10  
  141  14:45  Extractor, Drone  
  141  14:46  Drone x3  
  141  14:47  Drone  
  141  14:48  Drone x2  
  147  14:54  Zerg Melee Weapons Level 3  
  147  14:55  Zerg Ground Armor Level 3  
  147  15:10  Ultralisk Cavern  
  146  15:18  Drone  
  146  15:19  Drone x6  
  153  15:21  Queen  
  155  15:32  Ravager  
  155  15:33  Ravager x3  
  155  15:34  Ravager  
  135  15:58  Roach  
  135  15:59  Roach  
  135  16:00  Zergling x14  
  135  16:01  Zergling x10  
  84  16:33  Zergling x4  
  84  16:34  Zergling x24  
  90  17:27  Roach x5  
  90  17:28  Roach x13  
  126  17:31  Zerg Missile Weapons Level 1  
  126  17:35  Chitinous Plating  
  124  17:51  Ravager x2  
  125  17:52  Ravager x2  
  125  17:53  Ravager x2  
  130  18:06  Overlord x2  
  130  18:07  Overlord x2  
  64  18:48  Roach x12  
  74  18:49  Roach x6  
  82  19:25  Hatchery  
  82  19:28  Overlord x2  
  82  19:29  Overlord  
  81  19:35  Roach x4  
Tags
 
Add a new tag
Caveats
  • Supply blocks, unpowered buildings, or Contaminate may cause inaccurate times.
  • Supply counts are checked every 10 seconds.